SAAA
JERSEY CITY SUN CAPS @ BAGLEY LOONS
08/09/2017
 
TOP OF THE 1ST
Jersey City Sun Caps batting - Pitching for Bagley Loons : RHP Joe King
Pitching: RHP Joe King
Batting: RHB Steve Hinkle 0-0: Ball
1-0: DOUBLE (Flyball, 78XD)
Batting: RHB Oscar Lewis 0-0: Ball
1-0: Fly out, F9 (Flyball, 9M)
Runner from 2nd tags up, OUT at 3rd
Batting: LHB Harlan Price 0-0: Foul Ball, location: 2F
0-1: Fly out, F8 (Flyball, 89D)
Top of the 1st over - 0 run(s), 1 hit(s), 0 error(s), 0 left on base; Jersey City 0 - Bagley 0
BOTTOM OF THE 1ST
Bagley Loons batting - Pitching for Jersey City Sun Caps : LHP Jim Unknown
Pitching: LHP Jim Unknown
Batting: LHB Warren O'Herlihy 0-0: Ball
1-0: Foul Ball, location: 2F
1-1: Foul Ball, location: 2F
1-2: Ball
2-2: SINGLE (Groundball, 4M)
Batting: LHB Lawrence Washington 0-0: Ball
1-0: Swinging Strike
1-1: Called Strike
1-2: Strikes out swinging
Batting: RHB Allen Murphy 0-0: Called Strike
0-1: Ball
1-1: Ball
2-1: Ball
3-1: Grounds into double play, 1-6-3 (Groundball, 15S)
Bottom of the 1st over - 0 run(s), 1 hit(s), 0 error(s), 0 left on base; Jersey City 0 - Bagley 0
TOP OF THE 2ND
Jersey City Sun Caps batting - Pitching for Bagley Loons : RHP Joe King
Batting: RHB Micheal Murdoch 0-0: Foul Ball, location: 2F
0-1: Ball
1-1: Foul Ball, location: 2F
1-2: Ball
2-2: Ball
3-2: Base on Balls
Batting: RHB Billy Wilson 0-0: Called Strike
0-1: Swinging Strike
0-2: Fly out, F8 (Flyball, 8LXD)
Batting: RHB Ken Miller 0-0: Called Strike
0-1: Called Strike
0-2: Ball
Wild Pitch!
Micheal Murdoch to second
1-2: Ball
2-2: Foul Ball, location: 2F
2-2: Ground out 2-3 (Groundball, 23)
Micheal Murdoch to third
Batting: RHB Gil Moore 0-0: DOUBLE (Line Drive, 5D)
Micheal Murdoch scores
Batting: RHB Harry Reynolds 0-0: Fly out, F8 (Flyball, 8RM)
Top of the 2nd over - 1 run(s), 1 hit(s), 0 error(s), 1 left on base; Jersey City 1 - Bagley 0
BOTTOM OF THE 2ND
Bagley Loons batting - Pitching for Jersey City Sun Caps : LHP Jim Unknown
Batting: LHB Kenko Ueda 0-0: Fly out, F8 (Flyball, 8RD)
Batting: LHB Rafael García 0-0: Ball
1-0: Swinging Strike
1-1: SINGLE (Groundball, 25) (infield hit)
Batting: RHB Edward Baker 0-0: Ball
1-0: SINGLE (Groundball, 56D)
Rafael García to second
Batting: RHB Luis Sáenz 0-0: Called Strike
0-1: Ground out 5-3 (Groundball, 5S)
Rafael García to third
Edward Baker to second
Batting: SHB Roland Meade 0-0: Ball
1-0: Ball
2-0: Ball
3-0: Base on Balls
Batting: RHB Jackson Shewman 0-0: Called Strike
0-1: GRAND SLAM HOME RUN (Flyball, 7LD), Distance : 342 ft
Batting: LHB Warren O'Herlihy 0-0: Ball
1-0: Ball
2-0: Ball
3-0: Base on Balls
Batting: LHB Lawrence Washington 0-0: Ball
1-0: Foul Ball, location: 2F
1-1: Fly out, F8 (Flyball, 8RM)
Bottom of the 2nd over - 4 run(s), 3 hit(s), 0 error(s), 1 left on base; Jersey City 1 - Bagley 4
TOP OF THE 3RD
Jersey City Sun Caps batting - Pitching for Bagley Loons : RHP Joe King
Batting: LHB Dawson Steele 0-0: Ball
1-0: Called Strike
1-1: Called Strike
1-2: Strikes out swinging
Batting: RHB Steve Hinkle 0-0: Called Strike
0-1: Ball
1-1: Ball
2-1: Fly out, F9 (Flyball, 9LMF)
Batting: RHB Oscar Lewis 0-0: Swinging Strike
0-1: Ball
1-1: Called Strike
1-2: Ball
2-2: Strikes out looking
Top of the 3rd over - 0 run(s), 0 hit(s), 0 error(s), 0 left on base; Jersey City 1 - Bagley 4
BOTTOM OF THE 3RD
Bagley Loons batting - Pitching for Jersey City Sun Caps : LHP Jim Unknown
Batting: RHB Allen Murphy 0-0: Foul Ball, location: 2F
0-1: Foul Ball, location: 2F
0-2: Foul Ball, location: 2F
0-2: Ball
1-2: Ball
2-2: Foul Ball, location: 2F
2-2: Ball
3-2: Foul Ball, location: 2F
3-2: Strikes out swinging
Batting: LHB Kenko Ueda 0-0: Ball
1-0: Ball
2-0: Called Strike
2-1: SINGLE (Groundball, 34D)
Batting: LHB Rafael García 0-0: Called Strike
0-1: Ball
1-1: Ball
2-1: Fly out, F8 (Flyball, 8LM)
Batting: RHB Edward Baker 0-0: Fly out, F6 (Popup, 6)
Bottom of the 3rd over - 0 run(s), 1 hit(s), 0 error(s), 1 left on base; Jersey City 1 - Bagley 4
TOP OF THE 4TH
Jersey City Sun Caps batting - Pitching for Bagley Loons : RHP Joe King
Batting: LHB Harlan Price 0-0: Ball
1-0: Ball
2-0: Ball
3-0: Base on Balls
Batting: RHB Micheal Murdoch 0-0: Ball
1-0: Grounds into double play, U6-3 (Groundball, 6M)
Batting: RHB Billy Wilson 0-0: Ball
1-0: Ground out 6-3 (Groundball, 6M)
Top of the 4th over - 0 run(s), 0 hit(s), 0 error(s), 0 left on base; Jersey City 1 - Bagley 4
BOTTOM OF THE 4TH
Bagley Loons batting - Pitching for Jersey City Sun Caps : LHP Jim Unknown
Batting: RHB Luis Sáenz 0-0: Ball
1-0: Ball
2-0: Ball
3-0: Called Strike
3-1: Base on Balls
Batting: SHB Roland Meade 0-0: Ball
1-0: Swinging Strike
1-1: SINGLE (Line Drive, 7LM)
Luis Sáenz to second
Batting: RHB Jackson Shewman 0-0: Called Strike
0-1: Foul Ball, location: 2F
0-2: Foul Ball, location: 2F
0-2: Ball
1-2: Foul Ball, location: 2F
1-2: Grounds into double play, 6-4-3 (Groundball, 6)
Luis Sáenz to third
Batting: LHB Warren O'Herlihy 0-0: Ball
1-0: Ball
2-0: Ground out 6-3 (Groundball, 6)
Bottom of the 4th over - 0 run(s), 1 hit(s), 0 error(s), 1 left on base; Jersey City 1 - Bagley 4
TOP OF THE 5TH
Jersey City Sun Caps batting - Pitching for Bagley Loons : RHP Joe King
Batting: RHB Ken Miller 0-0: Ball
1-0: Ball
2-0: Called Strike
2-1: Ball
3-1: Swinging Strike
3-2: Strikes out swinging
Batting: RHB Gil Moore 0-0: Ball
1-0: Ball
2-0: Ball
3-0: Base on Balls
Batting: RHB Harry Reynolds 0-0: Foul Ball, location: 2F
0-1: Called Strike
0-2: Ball
1-2: Strikes out swinging
Batting: LHB Dawson Steele 0-0: Called Strike
0-1: Ball
1-1: Foul Ball, location: 2F
1-2: Ball
2-2: 2-RUN HOME RUN (Flyball, 89XD), Distance : 376 ft
Batting: RHB Steve Hinkle 0-0: Called Strike
0-1: Fly out, F9 (Flyball, 9LSF)
Top of the 5th over - 2 run(s), 1 hit(s), 0 error(s), 0 left on base; Jersey City 3 - Bagley 4
BOTTOM OF THE 5TH
Bagley Loons batting - Pitching for Jersey City Sun Caps : LHP Jim Unknown
Batting: LHB Lawrence Washington 0-0: Swinging Strike
0-1: SINGLE (Flyball, 6MD)
Batting: RHB Allen Murphy 0-0: Ball
1-0: Grounds into double play, 6-4-3 (Groundball, 6M)
Batting: LHB Kenko Ueda 0-0: Called Strike
0-1: Foul Ball, location: 2F
0-2: Ball
1-2: Foul Ball, location: 2F
1-2: Ball
2-2: Foul Ball, location: 2F
2-2: Foul Ball, location: 2F
2-2: Foul Ball, location: 2F
2-2: Foul Ball, location: 2F
2-2: Ball
3-2: Base on Balls
Batting: LHB Rafael García 0-0: Called Strike
0-1: Ball
1-1: Foul Ball, location: 2F
1-2: Foul Ball, location: 2F
1-2: Ball
2-2: Reached on Error, E6 (Line Drive, 6)
Kenko Ueda to second
Batting: RHB Edward Baker 0-0: Fly out, F4 (Line Drive, 4)
Bottom of the 5th over - 0 run(s), 1 hit(s), 1 error(s), 2 left on base; Jersey City 3 - Bagley 4
TOP OF THE 6TH
Jersey City Sun Caps batting - Pitching for Bagley Loons : RHP Joe King
Batting: RHB Oscar Lewis 0-0: Swinging Strike
0-1: Bunt for hit - play at first, batter safe!
Batting: LHB Harlan Price 0-0: Fielders Choice at 2nd, 3-6 (Groundball, 34)
Batting: RHB Micheal Murdoch 0-0: Ball
1-0: Called Strike
1-1: Foul Ball, location: 2F
1-2: Strikes out swinging
Batting: RHB Billy Wilson 0-0: Ball
1-0: Called Strike
1-1: Foul Ball, location: 2F
1-2: Foul Ball, location: 2F
1-2: Foul Ball, location: 2F
1-2: Strikes out swinging
Top of the 6th over - 0 run(s), 1 hit(s), 0 error(s), 1 left on base; Jersey City 3 - Bagley 4
BOTTOM OF THE 6TH
Bagley Loons batting - Pitching for Jersey City Sun Caps : LHP Jim Unknown
Batting: RHB Luis Sáenz 0-0: Ball
1-0: Called Strike
1-1: Foul Ball, location: 2F
1-2: Ball
2-2: Fly out, F9 (Flyball, 89M)
Batting: SHB Roland Meade 0-0: Fly out, F8 (Line Drive, 8RM)
Batting: RHB Jackson Shewman 0-0: Called Strike
0-1: Ball
1-1: Called Strike
1-2: Ball
2-2: Ball
3-2: Ground out 6-3 (Groundball, 6)
Bottom of the 6th over - 0 run(s), 0 hit(s), 0 error(s), 0 left on base; Jersey City 3 - Bagley 4
TOP OF THE 7TH
Jersey City Sun Caps batting - Pitching for Bagley Loons : RHP Joe King
Batting: RHB Ken Miller 0-0: Ball
1-0: Ball
2-0: Called Strike
2-1: Swinging Strike
2-2: Ball
3-2: Strikes out swinging
Batting: RHB Gil Moore 0-0: Foul Ball, location: 2F
0-1: Called Strike
0-2: Strikes out swinging
Batting: RHB Harry Reynolds 0-0: Ball
1-0: Called Strike
1-1: Fly out, F9 (Flyball, 9S)
Top of the 7th over - 0 run(s), 0 hit(s), 0 error(s), 0 left on base; Jersey City 3 - Bagley 4
BOTTOM OF THE 7TH
Bagley Loons batting - Pitching for Jersey City Sun Caps : LHP Jim Unknown
Batting: LHB Warren O'Herlihy 0-0: Foul Ball, location: 2F
0-1: Fly out, F7 (Popup, 78S)
Batting: LHB Lawrence Washington 0-0: Called Strike
0-1: Swinging Strike
0-2: Ball
1-2: Strikes out looking
Batting: RHB Allen Murphy 0-0: Ball
1-0: Ball
2-0: Called Strike
2-1: SOLO HOME RUN (Flyball, 7D), Distance : 345 ft
Batting: LHB Kenko Ueda 0-0: Ball
1-0: Ball
2-0: Foul Ball, location: 2F
2-1: Ball
3-1: Called Strike
3-2: Strikes out looking
Bottom of the 7th over - 1 run(s), 1 hit(s), 0 error(s), 0 left on base; Jersey City 3 - Bagley 5
TOP OF THE 8TH
Jersey City Sun Caps batting - Pitching for Bagley Loons : RHP Joe King
Batting: LHB Dawson Steele 0-0: Foul Ball, location: 2F
0-1: Called Strike
0-2: Strikes out swinging
Batting: RHB Steve Hinkle 0-0: Ball
1-0: Fly out, F8 (Flyball, 8RM)
Batting: RHB Oscar Lewis 0-0: Called Strike
0-1: Called Strike
0-2: Ball
1-2: Strikes out swinging
Top of the 8th over - 0 run(s), 0 hit(s), 0 error(s), 0 left on base; Jersey City 3 - Bagley 5
BOTTOM OF THE 8TH
Bagley Loons batting - Pitching for Jersey City Sun Caps : LHP Jim Unknown
Pitching: LHP Jim Unknown
Batting: LHB Rafael García 0-0: SOLO HOME RUN (Flyball, 8RXD), Distance : 430 ft
Batting: RHB Edward Baker 0-0: Ball
1-0: Called Strike
1-1: Ball
2-1: Swinging Strike
2-2: SOLO HOME RUN (Flyball, 9LD), Distance : 321 ft
Pitching: LHP Jim Unknown
Batting: RHB Luis Sáenz 0-0: Called Strike
0-1: Swinging Strike
0-2: Fly out, F8 (Flyball, 8RXD)
Batting: SHB Roland Meade 0-0: Ball
1-0: Called Strike
1-1: Ball
2-1: Ball
3-1: Base on Balls
Batting: RHB Jackson Shewman 0-0: Ball
1-0: Called Strike
1-1: Ball
2-1: Ball
3-1: Foul Ball, location: 2F
3-2: Base on Balls
Roland Meade to second
Batting: LHB Warren O'Herlihy 0-0: Called Strike
0-1: Foul Ball, location: 2F
0-2: Strikes out swinging
Batting: LHB Lawrence Washington 0-0: Ball
1-0: Swinging Strike
1-1: SINGLE (Line Drive, 4MD)
Roland Meade to third
Jackson Shewman to second
Batting: RHB Allen Murphy 0-0: Ball
1-0: Ball
2-0: Foul Ball, location: 2F
2-1: Fly out, F8 (Flyball, 8LS)
Bottom of the 8th over - 2 run(s), 3 hit(s), 0 error(s), 3 left on base; Jersey City 3 - Bagley 7
TOP OF THE 9TH
Jersey City Sun Caps batting - Pitching for Bagley Loons : RHP Joe King
Batting: LHB Harlan Price 0-0: Ball
1-0: Foul Ball, location: 2F
1-1: Ball
2-1: Called Strike
2-2: Ball
3-2: Foul Ball, location: 2F
3-2: Strikes out swinging
Batting: RHB Micheal Murdoch 0-0: Called Strike
0-1: Foul Ball, location: 2F
0-2: Ball
1-2: Ground out 6-3 (Groundball, 6D)
Batting: RHB Billy Wilson 0-0: Called Strike
0-1: Ball
1-1: Ground out 4-3 (Groundball, 4)
Top of the 9th over - 0 run(s), 0 hit(s), 0 error(s), 0 left on base; Jersey City 3 - Bagley 7
This league is powered by Out of the Park Baseball, the baseball management simulation game for PC, Mac and Linux
Saturday, February 27th, 2021 - OOTP Baseball 15.6 Build 34